 Dungeon Crawl Stone Soup version 0.23.2-1-ga50397a6bc (webtiles) character file.

Game seed: 8054095285112178021

64 4FPSwarrior the Ruffian (level 4, 0/38 HPs)
             Began as a Naga Transmuter on May 22, 2019.
             Succumbed to an adder's poison
             ... on level 2 of the Dungeon.
             The game lasted 00:08:16 (2573 turns).

4FPSwarrior the Ruffian (Naga Transmuter)           Turns: 2573, Time: 00:08:17

Health: 0/38       AC:  2    Str: 18    XL:     4   Next: 12%
Magic:  3/7        EV: 10    Int: 19    God:
Gold:   93         SH:  0    Dex: 11    Spells: 4/7 levels left

rFire    . . .     SeeInvis +     - Unarmed
rCold    . . .     Gourm    .   (no shield)
rNeg     . . .     Faith    .   b - +0 robe
rPois    +         Spirit   .   (no helmet)
rElec    .         Reflect  .   (no cloak)
rCorr    .         Harm     .   (no gloves)
MR       .....                  (no barding)
Stlth    +.........             (no amulet)
HPRegen  0.12/turn              (no ring)
MPRegen  0.10/turn              (no ring)

@: mighty, brilliant, lethally poisoned (0 -> -2), very slightly contaminated,
hasted, quick
A: large, see invisible, deformed body, poison resistance, slowness 2, slow
metabolism 1, spit poison 1, AC +1
a: Spit Poison


You were on level 2 of the Dungeon.
You were completely stuffed.

You visited 1 branch of the dungeon, and saw 3 of its levels.

You collected 93 gold pieces.

Inventory:

Hand Weapons
 f - a +1 dagger of electrocution
Missiles
 a - 9 arrows
 g - 2 needles of sleeping
Armour
 b - a +0 robe (worn)
 c - a +0 ring mail
 l - a +2 buckler of protection
 r - a +0 leather armour
Wands
 m - a wand of flame (10)
Scrolls
 h - 2 scrolls of fear
Comestibles
 i - 2 chunks of flesh


   Skills:
 - Level 1.0 Fighting
 - Level 1.5 Dodging
 + Level 4.0 Unarmed Combat
 - Level 2.0 Spellcasting
 + Level 3.3 Transmutations


You had 4 spell levels left.
You knew the following spells:

 Your Spells              Type           Power        Failure   Level  Hunger
a - Beastly Appendage     Tmut           ####..       1%          1    #......
b - Sticks to Snakes      Tmut           ####....     1%          2    ###....

Your spell library contained the following spells:

 Spells                   Type           Power        Failure   Level  Hunger
 Spider Form              Tmut/Pois      ###.......   3%          3    ###....
 Ice Form                 Ice/Tmut       ###.....     10%         4    #####..
 Blade Hands              Tmut           ####......   13%         5    ######.


Dungeon Overview and Level Annotations

Branches:
Dungeon (3/15)

Altars:

Annotations:
D:3 Robin


Innate Abilities, Weirdness & Mutations

You cannot wear boots.
Your serpentine skin is tough. (AC +1)
You have supernaturally acute eyesight. (SInv)
Armour fits poorly on your strangely shaped body.
Your system is resistant to poisons. (rPois)
You cover ground very slowly.
You have a slow metabolism.
You can spit poison.


Message History

You eat one of the 3 rations.
That ration really hit the spot!
You eat one of the 2 rations.
That ration really hit the spot!
You eat the ration.
That ration really hit the spot!
Unknown command.
As you read the scroll labeled IREID BECILAAK, it crumbles to dust.
You feel blessed for a moment.
It was a scroll of remove curse.
Blink to where?
Press: ? - help, Dir - move target cursor You are very lightly contaminated with residual magic.
As you read the scroll labeled TUBLOA QIRGHYMOUWEO, it crumbles to dust.
It was a scroll of blinking.
* * * LOW HITPOINT WARNING * * *
You feel sick.
As you read the scroll labeled RAUBAWN TUCOD, it crumbles to dust.
It is a scroll of identify.
l - a +2 buckler of protection Wear which item? (? for menu, Esc to quit)
You start putting on your armour.
You continue putting on your +2 buckler of protection. x3
You die...

.)...............##...........#..
..#...............#.#..#...#.....
..................#.#......#..###
..................#.#......#..#
..........###.....#.#......#..###
..#+##.#........#.#.#.#....#..#..
..#..รท.....####.#.#.#.###'##..#.#
..#.##.#.#.###......#.# #.##.....
..#.#..#........@...#.###.###.#..
..#.#..#......................#..
..........(............##.....#..
#.#....#.#...)...................
.....................#.#.........
#<#......#..#....##..#.#.###.....
#.#......>%......##..#.#.# ######
#.########..###.###..#.#.#
#....................#.#.#


There were no monsters in sight!

Vanquished Creatures
  2 adders (D:2)
  An ooze (D:2)
  2 dart slugs (D:2)
  A leopard gecko (D:1)
  A ball python (D:2)
  3 bats
  5 goblins
  3 hobgoblins
  4 jackals (D:2)
  4 frilled lizards
  3 kobolds (D:1)
  4 rats
33 creatures vanquished.

Vanquished Creatures (collateral kills)
  An adder (D:2)
1 creature vanquished.

Grand Total: 34 creatures vanquished

Notes
Turn   | Place    | Note
-------+----------+-------------------------------------------
     0 | D:1      | 4FPSwarrior the Naga Transmuter began the quest for the
                  | Orb.
     0 | D:1      | Reached XP level 1. HP: 18/18 MP: 3/3
   471 | D:1      | Reached XP level 2. HP: 25/25 MP: 5/5
   578 | D:1      | Learned a level 2 spell: Sticks to Snakes
  1665 | D:2      | Reached XP level 3. HP: 21/31 MP: 6/6
  2543 | D:3      | Noticed Robin
  2559 | D:2      | Reached skill level 4 in Unarmed Combat
  2559 | D:2      | Reached XP level 4. HP: 3/38 MP: 2/7
  2562 | D:2      | HP: 1/38 [poisoned by an adder]
  2568 | D:2      | HP: 1/38 [poisoned by an adder]
  2573 | D:2      | Succumbed to an adder's poison

Skill      XL: |  1  2  3 |
---------------+----------+-----
Transmutations | 3 |  3.3
Unarmed Combat | 4 |  4.0
Fighting       | |  1.0
Dodging        | |  1.5
Spellcasting   | |  2.0

Action                   |  1- 3 |  4- 6 || total
-------------------------+-------+-------++-------
Melee: Unarmed           |   104 |       ||   104
       Headbutt          |     8 |       ||     8
 Cast: Beastly Appendage |    19 |       ||    19
       Sticks to Snakes  |     3 |       ||     3
 Abil: Spit Poison       |     9 |       ||     9
  Use: Potion            |     3 |       ||     3
       Scroll            |       |     5 ||     5
 Stab: Sleeping          |     1 |       ||     1
  Eat: Chunk             |     5 |       ||     5
       Ration            |       |     3 ||     3
Armor: Robe              |    17 |       ||    17
Dodge: Dodged            |    73 |       ||    73
